Map: Línea Aguablanca EE

Players

TATORREA

  • Race: Protoss Protoss
  • League: Silver
  • Spawn Location: 7:00

MrFercho

  • Race: Zerg Zerg
  • League: Silver
  • Spawn Location: 6:00

tigro

  • Race: Terran Terran
  • League: Bronze
  • Spawn Location: 7:00

FatNFurious

  • Race: Zerg Zerg
  • League: Gold
  • Spawn Location: 1:00

ElfinJohn

  • Race: Protoss Protoss
  • Spawn Location: 12:00

ronafree

  • Race: Protoss Protoss
  • Spawn Location: 1:00

VOD

Have the link to the VOD?

Description

Time

  • Played on: June 7, 2020, 4:45 p.m.
  • Length: 15:37
Show
View Real Time Build Order
Export as new Build Order

TATORREA Protoss 

Build Orders:  

Get SALT Encoding   

  12  0:01  Probe  
  13  0:24  Pylon, Probe (Chrono Boost)  
  14  0:34  Probe (Chrono Boost)  
  15  0:40  Probe  
  16  0:48  Forge  
  16  0:56  Gateway  
  16  1:01  Probe  
  17  1:10  Assimilator  
  17  1:13  Probe  
  18  1:22  Pylon  
  18  1:25  Probe  
  19  1:37  Probe  
  20  2:02  Pylon  
  19  2:53  Probe  
  20  2:58  Assimilator  
  20  3:17  Nexus  
  20  3:23  Gateway  
  20  3:25  Probe  
  21  3:27  Cybernetics Core  
  21  3:29  Gateway  
  21  3:30  Protoss Ground Weapons Level 1 (Chrono Boost)  
  21  3:34  Pylon  
  21  3:36  Pylon  
  21  3:37  Probe, Zealot  
  21  3:40  Pylon  
  24  4:05  Probe  
  24  4:06  Zealot  
  24  4:09  Zealot  
  25  4:11  Warp Gate (Chrono Boost)  
  25  4:12  Zealot  
  25  4:17  Probe  
  32  4:29  Probe x2  
  32  4:31  Zealot  
  36  4:41  Probe x2  
  38  4:50  Zealot x2  
  42  4:53  Probe x2  
  42  4:57  Twilight Council  
  44  5:00  Robotics Facility  
  44  5:02  Stargate  
  44  5:05  Probe x2  
  46  5:23  Protoss Ground Weapons Level 2  
  46  5:32  Charge (Chrono Boost)  
  47  5:42  Probe  
  47  5:43  Probe  
  47  5:49  Assimilator  
  48  5:52  Assimilator  
  48  5:55  Immortal, Probe x2  
  52  6:01  Stalker  
  52  6:02  Stalker x2  
  56  6:18  Probe x2  
  57  6:30  Probe x2  
  59  6:42  Probe  
  59  6:43  Probe  
  59  6:44  Phoenix  
  63  6:50  Zealot x2  
  63  6:51  Zealot  
  69  7:09  Pylon  
  69  7:13  Pylon  
  69  7:16  Pylon  
  69  7:22  Phoenix  
  69  7:27  Immortal  
  73  7:46  Stalker x3  
  73  7:47  Phoenix  
  81  7:57  Protoss Ground Weapons Level 3  
  81  8:03  Probe x2  
  83  8:06  Protoss Air Weapons Level 1  
  83  8:10  Stalker  
  83  8:11  Stalker x2  
  89  8:12  Phoenix  
  89  8:14  Observer  
  89  8:15  Probe x2  
  94  8:47  Immortal  
  50  9:07  Stalker x2  
  50  9:08  Stalker  
  50  9:09  Phoenix  
  58  9:19  Probe  
  59  9:34  Phoenix  
  61  9:42  Nexus  
  61  9:45  Pylon  
  61  9:48  Pylon  
  61  9:50  Stalker  
  61  9:52  Stalker, Pylon  
  65  9:56  Pylon  
  65  9:57  Stalker  
  67  10:07  Pylon  
  67  10:10  Pylon  
  67  10:29  Pylon  
  67  10:34  Pylon  
  44  10:52  Stalker x2  
  44  10:53  Stalker  
  44  10:55  Gateway, Phoenix  
  44  10:57  Gateway  
  52  11:05  Immortal, Fleet Beacon  
  56  11:19  Probe x2  
  56  11:20  Probe, Phoenix  
  61  11:31  Probe x2  
  61  11:32  Probe  
  64  11:33  Blink  
  64  11:35  Protoss Ground Armor Level 1 (Chrono Boost)  
  64  11:45  Phoenix  
  66  11:50  Anion Pulse-Crystals (Chrono Boost)  
  66  11:58  Protoss Air Weapons Level 2  
  66  12:01  Immortal  
  70  12:05  Stalker x3  
  70  12:06  Stalker x2  
  80  12:10  Phoenix  
  80  12:11  Probe x3  
  85  12:19  Assimilator  
  85  12:22  Assimilator  
  85  12:24  Probe x3  
  88  12:35  Pylon  
  88  12:38  Pylon  
  88  12:49  Pylon  
  88  12:52  Probe x2  
  88  12:54  Pylon  
  88  12:55  Stalker  
  88  12:56  Stalker x2  
  88  12:57  Stalker x2  
  100  12:59  Phoenix  
  94  13:36  Phoenix  
  94  13:39  Zealot x2  
  94  13:40  Zealot x3  
  106  13:47  Unknown  
  98  13:49  Immortal  
  76  14:01  Phoenix  
  78  14:05  Zealot x2  
  78  14:06  Zealot x3  
  78  14:20  Nexus  
  74  14:26  Phoenix  
Show
View Real Time Build Order
Export as new Build Order

MrFercho Zerg 

Build Orders: Pool First 

Get SALT Encoding   

  12  0:01  Drone  
  13  0:13  Overlord  
  13  0:26  Drone  
  14  0:37  Spawning Pool  
  13  0:46  Drone x2  
  13  0:47  Drone  
  16  1:03  Drone  
  17  1:21  Hatchery  
  16  1:26  Drone x2  
  16  1:31  Extractor  
  17  1:35  Drone  
  18  1:49  Queen  
  20  1:57  Drone x2  
  22  2:32  Extractor, Drone  
  22  2:33  Drone x2  
  24  2:38  Overlord  
  24  2:43  Queen  
  26  2:54  Lair  
  26  2:58  Zergling x8  
  30  3:14  Roach Warren  
  29  3:24  Overlord  
  29  3:36  Drone x5  
  29  3:37  Drone  
  35  3:54  Hatchery  
  34  4:01  Roach x2  
  34  4:02  Zergling x4  
  39  4:14  Zergling x8  
  43  4:24  Metabolic Boost  
  43  4:52  Overlord  
  43  4:53  Overlord x4  
  43  5:00  Glial Reconstitution  
  43  5:06  Evolution Chamber  
  42  5:07  Queen  
  44  5:18  Drone x5  
  49  5:21  Drone x2  
  51  5:30  Drone x2  
  53  5:51  Drone  
  53  5:52  Drone x2  
  56  6:09  Spore Crawler  
  55  6:21  Hydralisk Den  
  55  6:22  Tunneling Claws  
  54  6:30  Drone x4  
  54  6:31  Drone  
  59  6:35  Extractor  
  58  6:48  Extractor  
  57  7:00  Hydralisk x11  
  57  7:01  Hydralisk  
  79  7:03  Hatchery x2  
  79  7:11  Zerg Missile Weapons Level 1  
  79  7:31  Queen  
  79  7:33  Overlord x3  
  79  7:34  Overlord x2  
  81  7:51  Lurker Den  
  80  8:00  Extractor  
  80  8:02  Extractor  
  78  8:14  Drone  
  78  8:15  Drone x2  
  78  8:18  Drone x5  
  86  8:29  Roach  
  86  8:30  Roach x12  
  112  8:46  Overseer  
  112  8:51  Pneumatized Carapace  
  112  8:53  Burrow  
  112  9:20  Evolution Chamber  
  111  9:25  Drone x3  
  111  9:26  Drone x6  
  111  9:31  Drone x3  
  123  9:38  Drone x3  
  124  9:39  Drone x2  
  79  10:15  Hydralisk x2  
  79  10:16  Roach x5, Hydralisk x6  
  79  10:17  Hydralisk, Roach x4  
  109  11:07  Grooved Spines, Spire  
  109  11:11  Zerg Missile Weapons Level 2, Zerg Ground Armor Level 1  
  106  11:50  Queen  
  108  11:58  Drone  
  108  11:59  Drone x2  
  111  12:07  Drone x3  
  111  12:08  Spine Crawler  
  113  12:15  Spine Crawler  
  112  12:16  Spore Crawler  
  112  12:18  Muscular Augments  
  112  12:21  Spore Crawler  
  110  12:40  Infestation Pit  
  110  12:43  Zerg Flyer Weapons Level 1  
  109  12:45  Queen  
  109  12:47  Mutalisk x3  
  109  12:48  Mutalisk x9  
  133  12:51  Overlord x2  
  133  12:52  Overlord x4  
  133  12:58  Overseer x5  
  133  13:08  Drone x16  
  130  13:33  Hydralisk x9  
  130  13:38  Roach x9  
  130  13:47  Corruptor  
  130  13:48  Corruptor x13  
  98  14:17  Mutalisk  
  98  14:18  Mutalisk x4  
  98  14:20  Overlord  
  69  14:43  Spine Crawler  
  69  14:45  Spine Crawler x2  
  67  14:47  Spine Crawler x2  
  67  14:50  Spine Crawler  
  63  14:53  Mutalisk x13  
  63  14:54  Mutalisk  
Show
View Real Time Build Order
Export as new Build Order

tigro Terran 

Build Orders:  

Get SALT Encoding   

  12  0:03  SCV  
  13  0:15  SCV  
  14  0:27  Supply Depot, SCV  
  15  0:36  Refinery  
  15  0:48  SCV  
  16  0:56  Barracks  
  16  1:01  SCV  
  17  1:12  Refinery  
  17  1:13  SCV  
  18  1:25  SCV  
  19  1:37  SCV  
  19  1:38  Supply Depot  
  20  1:44  Marine  
  21  1:49  SCV  
  22  2:02  Barracks, Marine  
  23  2:20  Marine  
  24  2:38  Marine  
  24  2:44  SCV  
  26  2:56  Marine, SCV  
  28  3:05  Barracks Tech Lab  
  28  3:08  SCV  
  29  3:15  Factory  
  29  3:25  Barracks Tech Lab  
  29  3:26  Combat Shield, Engineering Bay  
  29  3:31  Orbital Command  
  29  3:36  Marine  
  30  3:53  Marine  
  31  4:14  Marine x2  
  33  4:31  Marine x2  
  35  4:44  Factory Tech Lab  
  35  4:45  Command Center  
  35  4:49  Marine x2  
  37  4:57  Starport  
  37  5:02  Terran Infantry Weapons Level 1  
  37  5:05  Stimpack  
  37  5:07  Marine, Concussive Shells  
  38  5:25  Marine  
  39  5:33  Siege Tank  
  39  5:35  Starport  
  42  5:36  Medivac  
  44  5:59  Refinery  
  43  6:05  SCV  
  44  6:17  SCV  
  45  6:24  Starport Tech Lab  
  45  6:26  Starport Tech Lab  
  45  6:29  SCV  
  46  6:38  Fusion Core  
  46  6:41  SCV  
  47  6:53  SCV  
  48  6:56  Terran Infantry Armor Level 1  
  48  7:02  Refinery  
  47  7:32  SCV  
  48  7:44  Siege Tank, SCV  
  52  7:45  Armory  
  52  7:47  Battlecruiser  
  58  7:52  Weapon Refit  
  58  7:56  SCV  
  59  8:03  Marine x2  
  61  8:08  SCV  
  62  8:31  Missile Turret  
  62  8:38  Missile Turret  
  62  8:50  Neosteel Armor  
  62  8:59  Missile Turret  
  62  9:20  Missile Turret  
  62  9:35  Supply Depot  
  62  9:41  Marine x2  
  62  9:42  SCV  
  62  9:44  Missile Turret  
  57  9:46  Battlecruiser  
  57  9:51  Battlecruiser  
  62  9:56  Thor  
  62  9:59  Supply Depot, Marine x2  
  70  10:05  Missile Turret  
  60  10:17  Marine x2  
  61  10:30  Hi-Sec Auto Tracking  
  61  10:35  Marine x2  
  63  10:53  Marine x2  
  65  11:02  Missile Turret  
  65  11:08  Medivac  
  65  11:11  Marine x2  
  69  11:23  Missile Turret  
  69  11:28  Marine x2  
  71  11:44  Missile Turret  
  71  11:46  Marine x2  
  73  11:59  Missile Turret  
  73  12:05  Missile Turret  
  73  12:08  Planetary Fortress  
  73  12:23  Battlecruiser  
  79  12:33  Missile Turret  
  79  12:47  Missile Turret  
  79  13:26  Missile Turret  
  41  13:45  Marine x2  
  43  13:50  Medivac x2  
  41  14:03  Marine x2  
  43  14:13  Missile Turret  
  41  14:20  Marine, Battlecruiser  
  41  14:21  Marine, Battlecruiser  
  52  14:38  Marine x2  
  45  14:56  Marine x2  
  34  15:14  Marine x2  
Show
View Real Time Build Order
Export as new Build Order

FatNFurious Zerg 

Build Orders: Hatch First, Roach Hydra 

Get SALT Encoding   

  12  0:01  Drone  
  13  0:09  Drone  
  14  0:21  Extractor  
  13  0:22  Extractor  
  13  0:23  Drone x2  
  16  0:58  Hatchery  
  16  1:00  Spawning Pool  
  14  1:05  Overlord  
  14  1:12  Extractor  
  14  1:13  Drone  
  14  1:26  Drone  
  14  1:27  Drone  
  16  1:51  Zergling x6  
  16  1:52  Queen  
  21  2:03  Zergling x2  
  22  2:11  Roach Warren  
  21  2:48  Zergling x6  
  21  2:49  Zergling x6  
  27  3:00  Queen, Spore Crawler  
  28  3:06  Overlord  
  28  3:17  Overlord  
  28  3:24  Queen  
  30  3:32  Drone x3  
  33  3:34  Drone  
  31  3:54  Drone x4  
  35  4:00  Drone  
  35  4:01  Drone  
  37  4:12  Drone x3  
  37  4:14  Drone  
  41  4:18  Extractor  
  41  4:23  Overlord  
  40  4:25  Drone  
  40  4:29  Drone  
  42  4:34  Lair  
  42  4:38  Roach  
  37  5:01  Evolution Chamber  
  37  5:04  Drone x4  
  37  5:05  Drone  
  37  5:06  Drone  
  42  5:16  Roach x4  
  50  5:21  Extractor  
  49  5:29  Drone x2  
  49  5:30  Drone  
  49  5:31  Overlord x2  
  52  5:37  Hydralisk Den  
  51  5:47  Zerg Missile Weapons Level 1  
  51  5:52  Drone x4  
  55  6:01  Roach x4  
  63  6:10  Grooved Spines  
  63  6:20  Hydralisk x2  
  63  6:21  Overlord x3  
  67  6:31  Extractor  
  66  6:34  Spore Crawler  
  66  6:38  Spore Crawler  
  66  6:39  Drone x6  
  70  6:52  Hydralisk  
  70  6:53  Hydralisk x2  
  76  7:11  Hatchery, Roach x3  
  81  7:20  Zergling x6  
  81  7:21  Zergling x6  
  87  7:34  Drone x4  
  91  7:43  Muscular Augments  
  91  7:46  Zerg Missile Weapons Level 2  
  91  7:47  Spire  
  90  7:53  Glial Reconstitution  
  90  7:55  Evolution Chamber  
  90  7:56  Drone x2  
  90  7:57  Drone  
  92  8:25  Drone x3  
  92  8:26  Drone x3  
  98  8:30  Overlord x4  
  98  8:32  Spore Crawler  
  97  8:49  Overlord x5  
  91  9:10  Drone x5  
  96  9:19  Drone x4, Mutalisk  
  96  9:20  Mutalisk x2  
  74  9:53  Hydralisk x5  
  74  9:54  Hydralisk x4  
  90  10:08  Hydralisk x7  
  90  10:09  Hydralisk x2  
  108  10:30  Roach x5  
  118  10:39  Zerg Ground Armor Level 1  
  116  10:55  Roach  
  116  10:56  Roach x6  
  130  11:04  Overlord  
  130  11:05  Overlord x2, Drone x3  
  130  11:06  Hatchery, Drone  
  133  11:17  Extractor  
  132  11:19  Queen  
  132  11:20  Extractor  
  132  11:21  Hydralisk x6  
  145  11:31  Zerg Flyer Weapons Level 1  
  145  11:35  Infestation Pit  
  144  11:46  Corruptor x4  
  144  11:47  Corruptor  
  154  12:05  Corruptor x2  
  158  12:08  Zergling x4  
  158  12:09  Zergling x12  
  166  12:29  Overseer  
  166  12:36  Hive  
  166  12:38  Zerg Ground Armor Level 2  
  166  12:43  Pneumatized Carapace  
  166  13:05  Zergling x8  
  168  13:06  Zergling x8  
  133  14:24  Hydralisk x7  
  130  14:25  Hydralisk x8  
  130  14:26  Hydralisk x7  
  130  14:27  Hydralisk x5  
  130  14:31  Zergling x2  
  177  14:50  Corruptor x6  
Show
View Real Time Build Order
Export as new Build Order

ElfinJohn Protoss 

Build Orders:  

Get SALT Encoding   

  12  0:01  Probe  
  13  0:13  Probe  
  14  0:19  Pylon  
  14  0:26  Probe (Chrono Boost)  
  15  0:37  Probe (Chrono Boost)  
  16  0:48  Gateway  
  16  0:50  Probe  
  17  1:02  Probe  
  18  1:10  Gateway  
  18  1:15  Probe  
  19  1:23  Assimilator  
  19  1:27  Probe  
  20  1:42  Probe  
  20  1:44  Cybernetics Core  
  21  1:55  Probe  
  21  1:58  Assimilator  
  22  2:07  Probe  
  23  2:15  Pylon  
  23  2:33  Probe, Zealot  
  26  2:37  Nexus  
  26  2:42  Pylon  
  26  2:44  Stalker  
  26  2:45  Probe  
  26  2:48  Warp Gate  
  29  2:57  Probe  
  30  3:00  Stalker  
  32  3:20  Pylon  
  32  3:23  Robotics Facility  
  32  3:25  Probe (Chrono Boost)  
  33  3:36  Probe (Chrono Boost)  
  33  3:41  Stalker x2, Probe (Chrono Boost)  
  38  4:00  Pylon, Probe (Chrono Boost)  
  40  4:05  Probe (Chrono Boost)  
  40  4:09  Probe (Chrono Boost)  
  41  4:13  Gateway, Probe (Chrono Boost)  
  41  4:14  Gateway  
  42  4:18  Probe  
  42  4:23  Assimilator  
  42  4:24  Probe  
  44  4:34  Observer  
  45  4:39  Pylon  
  45  4:42  Probe x2  
  47  4:54  Probe (Chrono Boost)  
  49  5:00  Probe (Chrono Boost)  
  49  5:03  Probe (Chrono Boost)  
  51  5:07  Probe (Chrono Boost)  
  51  5:08  Probe (Chrono Boost)  
  52  5:14  Nexus  
  52  5:18  Gateway, Pylon, Probe  
  53  5:40  Pylon, Probe x2  
  55  5:52  Probe  
  55  5:54  Pylon  
  55  5:56  Stalker x3  
  62  5:57  Stalker  
  64  6:05  Forge  
  64  6:09  Forge  
  64  6:12  Probe x2  
  66  6:18  Assimilator  
  66  6:25  Probe (Chrono Boost)  
  68  6:26  Probe (Chrono Boost)  
  68  6:32  Probe (Chrono Boost)  
  71  6:41  Probe (Chrono Boost)  
  71  6:42  Probe (Chrono Boost)  
  71  6:57  Photon Cannon  
  71  6:59  Photon Cannon  
  71  7:02  Photon Cannon, Probe  
  71  7:03  Probe x2  
  71  7:06  Shield Battery  
  71  7:07  Stalker  
  71  7:08  Stalker x4  
  82  7:10  Shield Battery  
  82  7:15  Probe  
  85  7:21  Shield Battery  
  85  7:23  Shield Battery  
  85  7:32  Gateway  
  85  7:34  Gateway  
  85  7:48  Protoss Ground Weapons Level 1  
  85  7:50  Protoss Ground Armor Level 1  
  85  7:53  Immortal  
  85  7:58  Pylon  
  89  8:01  Pylon  
  89  8:05  Sentry x2, Pylon  
  93  8:16  Pylon  
  93  8:18  Pylon  
  93  8:19  Gateway  
  93  8:20  Gateway  
  93  8:28  Twilight Council  
  93  8:29  Probe  
  93  8:30  Probe x2  
  96  8:34  Assimilator  
  96  8:39  Assimilator  
  96  8:41  Probe  
  96  8:42  Probe x2  
  99  8:55  Stalker  
  99  8:56  Stalker x2  
  99  8:57  Stalker x2  
  109  9:13  Probe  
  109  9:14  Probe x2  
  112  9:30  Warp Prism  
  114  9:33  Nexus  
  114  9:36  Pylon  
  114  9:38  Templar Archives  
  114  9:39  Pylon  
  114  9:40  Blink  
  80  10:23  Stalker x5  
  82  10:39  Photon Cannon  
  82  10:41  Photon Cannon  
  82  10:42  Photon Cannon  
  78  10:46  Shield Battery  
  78  10:47  Stalker x2  
  78  10:48  Stalker x3  
  86  11:08  Pylon  
  86  11:10  Pylon  
  86  11:13  Pylon  
  86  11:20  Gateway  
  86  11:22  Gateway  
  86  11:37  Stalker x3  
  86  11:38  Stalker x6  
  108  11:48  Observer  
  105  12:05  Assimilator  
  105  12:10  Observer  
  105  12:12  Robotics Facility  
  105  12:14  Robotics Facility  
  106  12:26  Protoss Shields Level 1  
  106  12:30  Protoss Ground Weapons Level 2  
  106  12:44  Probe x3  
  109  12:53  Stalker  
  109  12:54  Stalker x5  
  109  12:55  Stalker x3  
  127  13:04  Immortal x3  
  139  13:27  High Templar x2  
  139  13:28  High Templar x6  
  139  13:29  High Templar x3  
  139  13:32  Archon  
  139  13:33  Archon x4  
  161  13:59  Assimilator  
  161  14:09  Stalker x3  
  167  14:10  Stalker x3  
  167  14:11  Stalker x3  
  167  14:12  Stalker x2  
  181  14:52  High Templar x4  
  183  14:53  High Templar x2  
  183  14:54  High Templar x4  
  183  14:55  High Templar  
  183  14:58  Archon x2  
  183  14:59  Archon x3  
  199  15:14  Archon  
Show
View Real Time Build Order
Export as new Build Order

ronafree Protoss 

Build Orders: Phoenix Opening 

Get SALT Encoding   

  12  0:02  Probe  
  13  0:16  Pylon  
  13  0:24  Assimilator  
  13  0:25  Probe (Chrono Boost)  
  15  0:37  Probe (Chrono Boost)  
  15  0:42  Gateway  
  15  0:45  Probe  
  17  0:57  Probe  
  17  1:04  Assimilator  
  17  1:09  Probe  
  18  1:13  Pylon  
  19  1:25  Probe (Chrono Boost)  
  19  1:30  Cybernetics Core  
  19  1:35  Probe (Chrono Boost)  
  20  1:40  Probe (Chrono Boost)  
  20  1:44  Pylon  
  21  1:56  Forge  
  21  2:15  Stargate  
  21  2:31  Nexus  
  21  2:39  Probe  
  22  2:50  Photon Cannon  
  22  2:51  Probe  
  23  3:07  Assimilator  
  23  3:11  Pylon, Phoenix  
  25  3:34  Assimilator  
  25  3:38  Protoss Air Weapons Level 1  
  25  3:40  Probe  
  26  3:45  Phoenix  
  28  3:52  Probe  
  29  4:01  Stargate  
  30  4:04  Probe (Chrono Boost)  
  30  4:05  Probe (Chrono Boost)  
  31  4:13  Probe (Chrono Boost)  
  31  4:16  Probe (Chrono Boost)  
  33  4:18  Probe (Chrono Boost)  
  33  4:20  Phoenix  
  36  4:28  Probe (Chrono Boost)  
  38  4:36  Probe (Chrono Boost)  
  39  4:38  Probe (Chrono Boost)  
  39  4:44  Probe (Chrono Boost)  
  40  4:45  Phoenix  
  40  4:51  Probe (Chrono Boost)  
  43  4:59  Phoenix  
  45  5:01  Probe (Chrono Boost)  
  45  5:06  Probe (Chrono Boost)  
  46  5:10  Phoenix  
  49  5:17  Probe (Chrono Boost)  
  51  5:29  Probe (Chrono Boost)  
  51  5:30  Void Ray  
  51  5:35  Probe (Chrono Boost)  
  56  5:44  Probe  
  56  5:47  Nexus  
  57  5:56  Probe  
  58  6:22  Pylon  
  58  6:23  Void Ray  
  58  6:25  Pylon  
  62  6:39  Stargate  
  62  6:40  Void Ray, Protoss Air Armor Level 1  
  66  6:51  Photon Cannon  
  66  6:53  Assimilator  
  66  6:58  Assimilator, Probe  
  67  7:03  Probe  
  67  7:06  Void Ray  
  72  7:10  Probe  
  73  7:15  Probe  
  73  7:22  Probe  
  71  7:28  Probe  
  70  7:35  Void Ray x2  
  78  7:38  Probe (Chrono Boost)  
  79  7:48  Probe (Chrono Boost)  
  79  7:49  Void Ray  
  79  7:50  Probe (Chrono Boost)  
  85  7:53  Probe (Chrono Boost)  
  85  7:54  Photon Cannon  
  85  7:57  Probe  
  87  8:05  Probe  
  88  8:09  Probe  
  89  8:14  Fleet Beacon  
  89  8:17  Probe  
  90  8:25  Pylon  
  90  8:26  Pylon  
  90  8:28  Pylon  
  90  8:31  Void Ray  
  92  8:43  Void Ray x2  
  92  9:14  Void Ray, Probe (Chrono Boost)  
  98  9:25  Probe (Chrono Boost)  
  98  9:26  Void Ray, Tempest  
  98  9:29  Protoss Air Weapons Level 2  
  98  9:30  Probe (Chrono Boost)  
  108  9:41  Probe  
  109  9:47  Stargate  
  109  9:53  Probe  
  109  9:57  Tempest (Chrono Boost)  
  91  10:16  Void Ray (Chrono Boost)  
  95  10:24  Void Ray (Chrono Boost)  
  95  10:31  Probe (Chrono Boost)  
  95  10:32  Stargate  
  95  10:33  Void Ray (Chrono Boost)  
  100  10:38  Tempest  
  100  10:41  Probe (Chrono Boost)  
  106  10:46  Probe (Chrono Boost)  
  103  10:52  Carrier  
  109  10:58  Probe  
  109  11:00  Carrier  
  116  11:10  Probe  
  117  11:24  Pylon  
  117  11:25  Pylon  
  117  11:28  Pylon  
  117  11:31  Pylon  
  117  11:32  Pylon  
  117  11:34  Pylon  
  117  11:38  Nexus  
  117  11:40  Pylon  
  117  11:42  Tempest, Phoenix  
  117  11:43  Carrier  
  117  11:44  Pylon  
  130  11:53  Assimilator  
  130  11:55  Void Ray  
  130  11:56  Assimilator  
  134  12:04  Void Ray  
  134  12:07  Void Ray  
  142  12:10  Photon Cannon  
  142  12:14  Photon Cannon  
  142  12:16  Protoss Air Weapons Level 3  
  142  12:23  Probe  
  142  12:24  Tempest  
  148  12:35  Probe  
  149  12:38  Tempest  
  154  12:47  Tempest, Probe  
  154  12:48  Carrier  
  166  12:51  Void Ray  
  170  13:07  Tempest  
  171  13:36  Void Ray, Tempest, Carrier  
  181  13:50  Void Ray  
  181  13:51  Void Ray  
  189  14:14  Probe  
  188  14:19  Void Ray  
  192  14:26  Probe  
  193  14:38  Probe  
  194  14:50  Probe  
  195  15:02  Probe  
  196  15:35  Nexus  
  196  15:36  Pylon  
Tags
 
Add a new tag
Caveats
  • Supply blocks, unpowered buildings, or Contaminate may cause inaccurate times.
  • Supply counts are checked every 10 seconds.